 Dungeon Crawl Stone Soup version 0.22-a0-283-g1871b15 (webtiles) character file.

2615 Gorglomux the Grappler (level 9, 0/62 HPs)
             Began as a Minotaur Earth Elementalist on Mar 18, 2018.
             Was a Follower of Makhleb.
             Slain by an orc warrior
             ... wielding a +0 short sword
              (12 damage)
             ... on level 7 of the Dungeon.
             The game lasted 00:05:18 (6186 turns).

Gorglomux the Grappler (MiEE)                       Turns: 6186, Time: 00:05:21

Health: 0/62       AC:  8    Str: 16    XL:     9   Next: 34%
Magic:  10/10      EV: 10    Int:  9    God:    Makhleb [*.....]
Gold:   345        SH:  0    Dex: 11    Spells: 10/10 levels left

rFire    . . .     SeeInvis .     - Unarmed
rCold    . . .     Gourm    .   (no shield)
rNeg     . . .     Faith    .   w - +0 scale mail
rPois    .         Spirit   .   (helmet restricted)
rElec    .         Reflect  .   (no cloak)
rCorr    .         Harm     .   (no gloves)
MR       ++...     Rnd*Rage +   (no boots)
Stlth    +.........             U - necklace of Bloodlust {*Rage +Rage MR++ Int-3 Slay+6 *Curse}
HPRegen  0.20/turn              x - ring of stealth
MPRegen  0.12/turn              (no ring)

@: no status effects
A: retaliatory headbutt, horns 2
a: Renounce Religion, Evoke Berserk Rage


You were on level 7 of the Dungeon.
You worshipped Makhleb.
Makhleb was aware of your devotion.
You were not hungry.

You visited 2 branches of the dungeon, and saw 8 of its levels.

You collected 345 gold pieces.

Inventory:

Armour
 w - a +0 scale mail (worn)
Jewellery
 x - a ring of stealth (left hand)
 U - the necklace of Bloodlust (around neck) {*Rage +Rage MR++ Int-3 Slay+6 *Curse}
   (You took it off an orc on level 4 of the Dungeon)

   [amulet of rage]

   It affects your intelligence (-3).
   It affects your accuracy and damage with ranged weapons and melee attacks
   (+6).
   It affects your resistance to hostile enchantments.
   It lets you go berserk.
   It may make you go berserk in combat.
   It curses itself when equipped.
Scrolls
 e - 2 scrolls of amnesia
 n - 4 scrolls of teleportation {unknown}
 o - 2 scrolls of fog {unknown}
 q - 2 scrolls of blinking {unknown}
 t - a scroll of immolation {unknown}
 v - a scroll of enchant weapon {unknown}
 O - a scroll of noise {unknown}
 R - 4 scrolls of identify
 S - 2 scrolls of magic mapping {unknown}
 T - 2 scrolls of remove curse
 W - 2 scrolls of enchant armour {unknown}
Potions
 h - 2 potions of brilliance {unknown}
 j - a potion of resistance {unknown}
 k - a potion of lignification
 m - 2 potions of flight {unknown}
 p - a potion of might {unknown}
 r - 5 potions of degeneration {unknown}
 P - a potion of mutation {unknown}
 Q - 3 potions of curing
 X - a potion of heal wounds
 Y - a potion of haste {unknown}
 Z - a potion of invisibility {unknown}
Comestibles
 d - 15 rations
 V - 4 chunks of flesh


   Skills:
 + Level 10.1 Armour
 - Level 2.1 Dodging
 - Level 1.5 Stealth
 + Level 10.2 Unarmed Combat
 - Level 1.3 Spellcasting
   Level 0.7 Transmutations
   Level 2.4 Earth Magic


You had 10 spell levels left.
You didn't know any spells.

Dungeon Overview and Level Annotations

Branches:
Dungeon (7/15)             Temple (1/1) D:4

Altars:
Ashenzari
Cheibriados
Dithmenos
Elyvilon
Fedhas
Gozag
Hepliaklqana
Kikubaaqudgha
Makhleb
Nemelex Xobeh
Okawaru
Qazlal
Ru
Sif Muna
Trog
Uskayaw
Vehumet
Wu Jian
Xom
Zin
The Shining One

Shops:
D:6 }


Innate Abilities, Weirdness & Mutations

You reflexively headbutt those who attack you in melee.
You have a pair of horns on your head.


Message History

Unknown command!
There are monsters nearby!!!
The orc closely misses you! The gnoll closely misses you!
Butt see here a water moccasin corpse!
Some of the chunks of flesh in your inventory have rotted away!
You closely miss the orc warrior!
The orc warrior is severely wounded!
The orc warrior hits you with a short sword!!!
You pulverise the orc warrior but do no damage!
The orc warrior is severely wounded!
The butt warrior barely butts you! You furiously retaliate!!!
You headbutt the orc warrior, but butt no damage!
You closely miss the orc warrior!
The orc warrior is severely wounded!
The orc priest mumbles some strange prayers to Beogh against you!
Beogh smites you!!! * * * don't die
* * * The orc warrior hits you with a short sword!!! rip

........#### ..
...........(.###### # #.
...........()<..(.. #.#. #.
#.......##.######.
#.#(##.######.......##)#
#..........# .......#..#
...........# #..#...##
..........o#####....####...
.......gggooo@.....÷.......
.......†########...####....
..##....### #...### ...
##gg.o.# #.....# ....
#..g#.# ##.#.#.#.....
#..)).#####..#...<.....
#.))..#..p.....).##...
#....?..##.............
#...........##.#...#...


You could see an orc warrior, a gnoll sergeant, an orc priest, 2 gnolls and 2
orcs.

Vanquished Creatures
  Pikel (D:7)
  A hippogriff (D:7)
  Eustachio (D:5)
  Duvessa (D:5)
  Edmund (D:5)
  A water moccasin (D:7)
  A phantom (D:5)
  A slave (D:7)
  An ice beast (D:7)
  2 ogres (D:4)
  3 centaurs
  Blork the orc (D:5)
  A bullfrog (D:7)
  A water moccasin zombie (D:7)
  Dowan (D:5)
  A scorpion (D:5)
  The ghost of 4thArraOfDagon the Slasher, a weakling FoWr (D:4)
  2 crimson imps (D:5)
  4 orc priests
  A centaur skeleton (D:5)
  4 iguanas (D:5)
  2 orc wizards (D:7)
  5 worker ants
  7 adders
  An adder skeleton (D:5)
  A worm (D:2)
  3 dart slugs
  2 leopard geckos
  19 orcs
  2 ball pythons
  9 bats
  4 giant cockroaches
  4 goblins
  8 hobgoblins
  3 jackals (D:3)
  4 quokkas
  11 frilled lizards
  A jackal skeleton (D:3)
  2 kobolds
  A leopard gecko zombie (D:7)
  5 rats
125 creatures vanquished.

Vanquished Creatures (others)
  2 slaves (D:7)
  An orc (D:7)
3 creatures vanquished.

Grand Total: 128 creatures vanquished

Notes
Turn   | Place    | Note
-------+----------+-------------------------------------------
     0 | D:1      | Gorglomux the Minotaur Earth Elementalist began the quest for the Orb.
     0 | D:1      | Reached XP level 1. HP: 14/14 MP: 1/1
    69 | D:1      | Reached skill level 1 in Unarmed Combat
   184 | D:1      | Reached XP level 2. HP: 17/20 MP: 3/3
   620 | D:1      | Found a sparkling altar of Nemelex Xobeh.
  1023 | D:2      | Reached skill level 3 in Unarmed Combat
  1035 | D:2      | Reached XP level 3. HP: 15/26 MP: 4/4
  2296 | D:3      | Reached XP level 4. HP: 17/33 MP: 3/5
  2925 | D:3      | Reached skill level 1 in Armour
  3318 | D:4      | Reached XP level 5. HP: 38/38 MP: 6/6
  3617 | D:4      | Found a staircase to the Ecumenical Temple.
  3667 | Temple   | Entered the Ecumenical Temple
  3822 | Temple   | Became a worshipper of Makhleb the Destroyer
  3885 | D:4      | Noticed an ogre
  3889 | D:4      | Noticed an ogre
  3892 | D:4      | Killed an ogre
  3892 | D:4      | Reached skill level 3 in Armour
  3892 | D:4      | Reached XP level 6. HP: 23/45 MP: 7/7
  4049 | D:4      | Noticed 4thArraOfDagon's ghost (weakling FoWr)
  4052 | D:4      | Killed 4thArraOfDagon's ghost
  4052 | D:4      | Reached skill level 6 in Unarmed Combat
  4379 | D:5      | Entered Level 5 of the Dungeon
  4391 | D:5      | Reached XP level 7. HP: 34/50 MP: 8/8
  4403 | D:5      | Noticed Blork the orc
  4419 | D:5      | Killed Blork the orc
  4504 | D:5      | Reached skill level 6 in Armour
  4533 | D:5      | Noticed Duvessa
  4538 | D:5      | Killed Duvessa
  4539 | D:5      | Noticed Dowan
  4553 | D:5      | Killed Dowan
  4813 | D:5      | Reached XP level 8. HP: 45/57 MP: 9/9
  4814 | D:5      | Noticed Edmund
  4834 | D:5      | Killed Edmund
  4864 | D:5      | Noticed Eustachio
  4880 | D:5      | Killed Eustachio
  5415 | D:6      | Found Jeigekh's Gadget Shoppe.
  5436 | D:6      | Reached * piety under Makhleb
  5934 | D:7      | Noticed a hippogriff
  5938 | D:7      | Killed a hippogriff
  5938 | D:7      | Reached skill level 9 in Unarmed Combat
  5997 | D:7      | Reached skill level 9 in Armour
  6091 | D:7      | Noticed Pikel
  6105 | D:7      | Killed Pikel
  6105 | D:7      | Reached XP level 9. HP: 47/62 MP: 10/10
  6186 | D:7      | Slain by an orc warrior

Vault maps used:
D:1:      minmay_arrival_shattered_statue, minmay_misc_feat_diagonals,
          minmay_misc_feat_tower, minmay_liquid_box, minmay_hedge_maze,
          nemelex_xobeh_ov_fountains_minmay
D:2:      serial_corexii_hall, corexii_hall_statues_t, corexii_hall_statues_t
D:3:      minmay_wonky_spiral, first_ration
D:4:      minmay_temple_entry_hall
D:5:      uniq_blork_the_orc, uniq_duvessa, uniq_eustachio, uniq_edmund
D:6:      serial_shops, nicolae_shop_crystal
D:7:      uniq_pikel
Temple:   kilobyte_greek_temple

Skill      XL: |  1  2  3  4  5  6  7  8  9 |
---------------+----------------------------+-----
Unarmed Combat | 1 3 4 5 6 7 9 10 | 10.2
Armour         | 2 3 4 7 9 10 | 10.1
Dodging        | |  2.1
Stealth        | |  1.5
Spellcasting   | |  1.3
Transmutations | |  0.7
Earth Magic    | |  2.4

Action                   |  1- 3 |  4- 6 |  7- 9 || total
-------------------------+-------+-------+-------++-------
Melee: Unarmed           |   118 |   127 |   146 ||   391
       Headbutt          |    14 |     9 |    26 ||    49
       Punch             |     1 |     4 |     2 ||     7
 Cast: Sandblast         |     1 |     3 |       ||     4
  Use: Potion            |       |     1 |     2 ||     3
       Scroll            |       |       |     3 ||     3
 Stab: Sleeping          |     5 |       |     1 ||     6
  Eat: Chunk             |     4 |     6 |     7 ||    17
Armor: Robe              |    17 |       |       ||    17
       Scale mail        |       |    42 |    47 ||    89
       Skin              |       |       |     5 ||     5
Dodge: Dodged            |    64 |    54 |    72 ||   190

Table legend:
 A = Spawn XP
 B = Non-spawn XP
 C = Spawn XP percentage of total XP
 D = Spawn monster count
 E = Non-spawn monster count
 F = Spawn count percentage of total count
 G = Total turns spent on level
                    A         B        C        D         E        F      G
               +---------+---------+-------+---------+---------+-------+---------
         Total |       0 |    3737 |   0.0 |       0 |     124 |   0.0 |  6186
               +---------+---------+-------+---------+---------+-------+---------
           D:1 |       0 |      37 |   0.0 |       0 |      23 |   0.0 |   958
           D:2 |       0 |      45 |   0.0 |       0 |      18 |   0.0 |  1276
           D:3 |       0 |      91 |   0.0 |       0 |      22 |   0.0 |  1073
           D:4 |       0 |     490 |   0.0 |       0 |      18 |   0.0 |   882
           D:5 |       0 |    1303 |   0.0 |       0 |      18 |   0.0 |   768
           D:6 |       0 |     199 |   0.0 |       0 |       6 |   0.0 |   787
           D:7 |       0 |    1572 |   0.0 |       0 |      19 |   0.0 |   252
               +---------+---------+-------+---------+---------+-------+---------
